 Dungeon Crawl Stone Soup version 0.31-a0-1154-gadca813884 (webtiles) character file.

Game seed: 13880856400452787234

1196 Arzdou the Firebug (level 8, -3/46 HPs)
             Began as an Octopode Fire Elementalist on Dec 7, 2023.
             Slain by a gnoll
             ... wielding a +0 flail
             ... led by a gnoll bouda
              (6 damage)
             ... on level 5 of the Dungeon.
             The game lasted 00:08:50 (5463 turns).

Arzdou the Firebug (Octopode Fire Elementalist)     Turns: 5463, Time: 00:08:51

Health: -3/46      AC:  1    Str: 13    XL:     8   Next: 44%
Magic:  4/15       EV: 13    Int: 20    God:
Gold:   134        SH:  5    Dex: 12    Spells: 5/17 levels left

rFire   + . .        h - +5 dagger (venom)
rCold   x . .        (no shield)
rNeg    . . .        (helmet restricted)
rPois   .            v - amulet of reflection
rElec   .            b - +6 ring of strength
rCorr   .            m - ring of fire
SInv    .            r - ring of flight
Will    .....        (no ring)
Stlth   ++++         (no ring)
HPRegen 0.27/turn    (no ring)
MPRegen 0.14/turn    (no ring)
                     (no ring)

%: reflection
@: about to teleport, flying
A: almost no armour, amphibious, 8 rings, camouflage 1, gelatinous body 1,
(nimble swimmer 1), tentacles
a: no special abilities


You were on level 5 of the Dungeon.
You visited 1 branch of the dungeon, and saw 5 of its levels.
You also visited: Sewer.

You collected 206 gold pieces.
You spent 72 gold pieces at shops.

Inventory:

Hand Weapons
 c - a +0 dagger
 g - a +0 whip
 h - a +5 dagger of venom (weapon)
Missiles
 p - a throwing net
Jewellery
 b - a +6 ring of strength (left tentacle)
 m - a ring of fire (right tentacle)
 r - a ring of flight (on tentacle)
 v - an amulet of reflection (around mantle)
Scrolls
 i - 3 scrolls of poison
 k - a scroll of immolation {unknown}
 l - a scroll of vulnerability {unknown}
 n - 2 scrolls of noise {unknown}
 o - 2 scrolls of brand weapon {unknown}
 s - a scroll of fog {unknown}
 y - a scroll of fear {unknown}
Potions
 a - a potion of magic
 d - a potion of resistance
 e - 7 potions of curing {unknown}
 f - a potion of haste {unknown}
 q - a potion of ambrosia {unknown}
 t - a potion of berserk rage {unknown}
 u - 2 potions of heal wounds {unknown}
 x - a potion of might {unknown}
 z - a potion of invisibility {unknown}


   Skills:
 - Level 3.1 Dodging
 - Level 4.3 Stealth
 + Level 5.1 Spellcasting
 + Level 5.2 Conjurations
 + Level 1.2 Transmutations
 - Level 6.0 Fire Magic


You had 5 spell levels left.
You knew the following spells:

 Your Spells              Type           Power      Damage    Failure   Level
a - Foxfire               Conj/Fire      100%       2x1d9     1%          1
b - Scorch                Fire           86%        2d8       1%          2
c - Flame Wave            Conj/Fire      41%        2d11      12%         4
d - Irradiate             Conj/Tmut      9%         3d14      63%         5

Your spell library contained the following spells:

 Spells                   Type           Power      Damage    Failure   Level
 Inner Flame              Hex/Fire       25%        N/A       10%         3
 Volatile Blastmotes      Fire/Tloc      50%        2d14      10%         3
 Sublimation of Blood     Necr           5%         N/A       17%         2
 Petrify                  Tmut/Erth      7%         N/A       65%         4


Dungeon Overview and Level Annotations

Branches:
Dungeon (5/15)              Sewer (visited)
 Temple: D:4-7

Altars:
The Shining One

Shops:
D:3 *

Annotations:
D:5 3 runed translucent doors, Vorhees's ghost, novice OpSh; crawlacc's ghost, novice MiFi


Innate Abilities, Weirdness & Mutations

You cannot wear most types of armour.
You are amphibious.
You can wear up to eight rings at the same time.
Your skin changes colour to match your surroundings (Stealth+).
Your rubbery body absorbs attacks. (AC +1, EV +1)
((You are camouflaged when in or above water. (Stealth+)))
You have tentacles for arms and can constrict up to eight enemies at once.


Message History

The gnoll is moderately wounded.
The gnoll hits you from afar with a +0 halberd!
The gnoll bouda gazes fiercely through you!
You feel your attacks grow feeble.
Casting: Scorch (safe; 1% risk of failure)
Confirm with . or Enter, or press ? or * to list all spells.
You feel a surge of power!
Flames lash the gnoll.
The gnoll is almost dead.
The gnoll's fire resistance burns away.
Your foxfire dissipates!
The gnoll hits you from afar with a +0 halberd!
Casting: Scorch (safe; 1% risk of failure)
Confirm with . or Enter, or press ? or * to list all spells.
You feel a surge of power!
Flames lash the gnoll bouda.
The gnoll bouda is moderately wounded.
The gnoll bouda's fire resistance burns away.
The gnoll hits you from afar with a +0 halberd.
Unknown command.
You are too injured to fight recklessly!
Casting: Scorch (safe; 1% risk of failure)
Confirm with . or Enter, or press ? or * to list all spells.
You feel a surge of power!
You conjure some foxfire!
Your attacks no longer feel as feeble.
The gnoll barely misses you.
Unknown command.
Your foxfire dissipates!
The foxfire hits the gnoll but does no damage.
The gnoll attacks as it pursues you! The gnoll hits you with a +0 flail.
* * * LOW HITPOINT WARNING * * *
The gnoll bouda calls upon its god to heal the gnoll.
The gnoll is healed somewhat.
The gnoll is no longer more vulnerable to fire.
The gnoll attacks as it pursues you! The gnoll misses you.
The gnoll bouda is no longer more vulnerable to fire.
The gnoll closely misses you.
The gnoll hits you from afar with a +0 halberd!
* * * LOW HITPOINT WARNING * * *
As you read the scroll of teleportation, it crumbles to dust.
You feel strangely unstable. The gnoll hits you with a +0 flail.
You die...

###.##.#.##.........
###.##.#.##.......#
.................# #
#..##........)...## .#
#..#..>...........## ...
#..#...............# ...#
##.......<.........## ...#
#######.....<.....#.#).#
.#P⌠P.##........@.g.g).#
.#....8##...##...g.#.....#
.#.....)#....##..#.#....##
.+.....P##...########..##
.+.....⌠#......# ###
.+.....P#......#
.#.....?#.##...#
.#W...8##.###.##
.#P⌠P$##..# ###


You could see a gnoll bouda and 2 gnolls.

Vanquished Creatures
  Sigmund (D:2)
  An ogre (D:5)
  2 phantoms
  2 brain worms (Sewer)
  A scorpion (D:5)
  5 hounds
  2 jellies
  A sleepcap (D:4)
  3 orc wizards (D:5)
  Robin (D:2)
  3 gnolls
  9 adders
  3 river rats (Sewer)
  A worm (D:4)
  6 dart slugs
  14 orcs
  8 ball pythons
  4 bats
  6 endoplasms
  4 giant cockroaches
  22 goblins
  5 hobgoblins
  8 jackals (D:4)
  4 quokkas
  13 frilled lizards
  8 kobolds
  13 rats
150 creatures vanquished.

Vanquished Creatures (others)
  213 foxfires
213 creatures vanquished.

Grand Total: 363 creatures vanquished

Notes
Turn   | Place    | Note
-------+----------+-------------------------------------------
     0 | D:1      | Arzdou the Octopode Fire Elementalist began the quest for
                  | the Orb.
     0 | D:1      | Reached XP level 1. HP: 11/11 MP: 3/3
   236 | D:1      | Reached XP level 2. HP: 17/17 MP: 0/5
   706 | D:1      | Reached XP level 3. HP: 21/21 MP: 6/6
   796 | D:1      | You fall into a shaft and drop 1 floor!
   865 | D:2      | Noticed Sigmund
   873 | D:2      | Killed Sigmund
   874 | D:2      | Reached XP level 4. HP: 19/27 MP: 0/8
   874 | D:2      | Reached XP level 5. HP: 21/31 MP: 0/9
  1089 | D:2      | Learned a level 2 spell: Scorch
  1106 | D:2      | Noticed Robin
  1284 | D:2      | Learned a level 4 spell: Flame Wave
  1538 | D:2      | Killed Robin
  1546 | D:2      | Reached skill level 4 in Fire Magic
  1548 | D:2      | Reached XP level 6. HP: 23/36 MP: 3/10
  2341 | D:3      | Found a faded altar of an unknown god.
  2416 | D:3      | Found Gurch's Assorted Antiques.
  2425 | D:3      | Bought a scroll labelled MUHAKKUFOP for 24 gold pieces
  2425 | D:3      | Bought a scroll of identify for 48 gold pieces
  3230 | D:4      | Reached XP level 7. HP: 27/41 MP: 7/12
  3701 | D:4      | Found a glowing golden altar of the Shining One.
  4193 | D:5      | Entered Level 5 of the Dungeon
  4198 | D:5      | Reached skill level 5 in Fire Magic
  4553 | D:5      | Found a glowing drain.
  4581 | Sewer    | Entered a sewer
  4810 | Sewer    | Reached XP level 8. HP: 46/46 MP: 9/15
  5195 | D:5      | Reached skill level 5 in Spellcasting
  5195 | D:5      | Reached skill level 5 in Conjurations
  5205 | D:5      | Learned a level 5 spell: Irradiate
  5232 | D:5      | Reached skill level 1 in Transmutations
  5232 | D:5      | Reached skill level 6 in Fire Magic
  5383 | D:5      | Found a runed translucent gate.
  5383 | D:5      | Found a runed translucent gate.
  5384 | D:5      | Found a runed translucent gate.
  5386 | D:5      | Noticed Vorhees's ghost (novice OpSh)
  5386 | D:5      | Noticed crawlacc's ghost (novice MiFi)
  5463 | D:5      | Slain by a gnoll

Illustrated notes

Levels and vault maps discovered:
D:1:      lemuel_arrival_cross, layout_basic
D:2:      layout_loops_ring, uniq_sigmund, uniq_robin
D:3:      layout_basic, serial_shops, shop, ebering_ecumenical_altar_ruins,
          cheibrodos_gnoll_hut
D:4:      layout_loops_cross, nicolae_tso_swordbearing_angel
D:5:      layout_cave_pools, cheibrodos_sewer_entry_drain,
          gammafunk_ghost_cemetery, minmay_diced_spiral

Skill      XL: |  1  2  3  4  5  6  7  8 |
---------------+-------------------------+-----
Stealth        | 3 4 |  4.3
Dodging        | 3 |  3.1
Conjurations   | 2 3 4 5 |  5.2
Spellcasting   | 3 4 5 |  5.1
Fire Magic     | 4 5 6 |  6.0
Transmutations | 1 |  1.2

Action                     |  1- 3 |  4- 6 |  7- 9 || total
---------------------------+-------+-------+-------++-------
  Melee: Unarmed           |     6 |       |       ||     6
         Constrict         |     7 |    25 |     8 ||    40
         Tentacles         |     5 |    17 |    12 ||    34
         Dagger            |    19 |    86 |    30 ||   135
         Punch             |       |     3 |     2 ||     5
         Whip              |       |    11 |       ||    11
   Cast: Foxfire           |    23 |    28 |    72 ||   123
         Scorch            |       |    10 |    24 ||    34
    Use: Scroll            |       |     2 |     5 ||     7
   Stab: Sleeping          |    11 |    19 |     6 ||    36
 Armour: Skin              |     4 |    48 |    35 ||    87
  Dodge: Dodged            |    15 |    64 |    22 ||   101
  Block: Other             |       |       |     2 ||     2

Table legend: (Time is in decaauts)
 A = Elapsed time spent in this place.
 B = Non-inter-level travel time spent in this place.
 C = Inter-level travel time spent in this place.
 D = Time resting spent in this place.
 E = Time spent auto-exploring this place.
 F = Levels seen in this place.
 G = Mean time per level.
                   A        B        C        D        E       F      G
               +--------+--------+--------+--------+--------+-----+--------+
         Total |   5462 |   5168 |    294 |    286 |   3943 |   6 |  910.3 |
       Dungeon |   5005 |   4711 |    294 |    284 |   3643 |   5 | 1001.0 |
         Sewer |    456 |    456 |      0 |      2 |    300 |   1 |  456.0 |
               +--------+--------+--------+--------+--------+-----+--------+

Top non-repeatable levels by time:
     D:4: 1350 daAuts
     D:1: 1160 daAuts
     D:2: 1004 daAuts
     D:3: 922 daAuts
     D:5: 567 daAuts
   Sewer: 456 daAuts
